Map: Ice and Chrome LE

Players

Serral - Winner!

  • Race: Zerg Zerg
  • League: Master
  • Spawn Location: 1:00

goblin

  • Race: Protoss Protoss
  • League: Grandmaster
  • Spawn Location: 7:00

Event: DreamHack SC2 Masters 2020 Fall

VOD

Have the link to the VOD?

Description

Time

  • Played on: Sept. 5, 2020, 11:25 a.m.
  • Length: 18:12

All games in this series

Show
View Real Time Build Order
Export as new Build Order

Serral Zerg - Winner!

Build Orders: Pool First 

Get SALT Encoding   

  12  0:17  Spawning Pool  
  11  0:21  Drone  
  11  0:25  Drone  
  13  0:30  Drone  
  14  0:41  Overlord  
  15  1:04  Zergling x6  
  19  1:15  Zergling x2  
  19  1:18  Hatchery  
  17  1:26  Zergling x2  
  18  1:33  Queen  
  18  1:37  Drone  
  21  1:47  Overlord  
  21  1:58  Drone  
  22  2:08  Queen  
  22  2:10  Drone  
  25  2:19  Extractor  
  24  2:23  Drone  
  24  2:31  Drone x2, Queen  
  28  2:40  Drone  
  28  2:42  Drone  
  30  2:46  Drone  
  30  2:47  Drone  
  30  2:50  Overlord  
  32  2:54  Drone  
  33  2:59  Drone  
  33  3:01  Drone  
  35  3:18  Metabolic Boost  
  35  3:24  Hatchery  
  35  3:26  Drone  
  35  3:29  Drone  
  35  3:30  Drone  
  37  3:34  Drone  
  37  3:35  Drone  
  37  3:39  Overlord  
  39  3:41  Drone  
  39  3:44  Drone  
  41  3:49  Drone  
  41  3:52  Drone  
  41  3:55  Overlord  
  43  3:59  Drone, Overlord  
  44  4:05  Overlord  
  44  4:08  Drone x3  
  47  4:12  Queen  
  47  4:16  Zergling x2  
  50  4:17  Drone x2  
  50  4:23  Drone  
  53  4:30  Drone x2, Extractor, Zergling x2  
  55  4:32  Drone  
  55  4:38  Queen  
  58  4:39  Roach Warren  
  58  4:41  Lair  
  58  4:43  Drone  
  58  4:44  Drone  
  59  4:46  Drone  
  59  4:50  Spore Crawler  
  59  4:51  Drone x2  
  59  4:52  Extractor  
  60  4:56  Drone x2  
  60  4:57  Drone  
  63  5:00  Spore Crawler  
  63  5:01  Drone  
  63  5:03  Drone  
  64  5:10  Drone x3  
  64  5:11  Overlord  
  64  5:14  Overlord  
  67  5:17  Drone  
  67  5:19  Queen  
  70  5:22  Overlord  
  70  5:26  Queen  
  72  5:30  Overlord  
  72  5:35  Drone  
  72  5:36  Overlord  
  72  5:39  Drone  
  72  5:41  Glial Reconstitution  
  72  5:42  Roach x2  
  78  5:48  Roach  
  79  5:51  Nydus Network, Roach x2  
  79  5:55  Queen  
  83  5:59  Queen  
  83  6:03  Roach x2  
  89  6:04  Overseer  
  89  6:07  Queen  
  91  6:12  Roach x2  
  91  6:13  Roach  
  91  6:17  Overlord  
  97  6:21  Zergling x10  
  97  6:24  Spore Crawler  
  101  6:30  Nydus Canal  
  101  6:32  Zergling x8  
  105  6:39  Overlord x2  
  102  6:43  Overlord  
  102  6:47  Overlord x2  
  100  6:52  Overlord  
  100  6:59  Zergling x16  
  100  7:00  Ravager x4  
  112  7:04  Queen  
  112  7:06  Queen  
  112  7:07  Ravager  
  117  7:15  Ravager  
  109  7:23  Zergling x8  
  109  7:24  Zergling x10  
  109  7:27  Queen  
  103  7:38  Zergling x18  
  103  7:39  Queen  
  103  7:40  Nydus Canal  
  103  7:43  Queen  
  107  7:47  Zergling x4  
  99  8:00  Zergling x2, Overlord  
  99  8:01  Zergling x6  
  99  8:02  Queen  
  99  8:04  Zergling x2  
  96  8:08  Zergling x2  
  96  8:09  Zergling x4  
  92  8:15  Queen  
  92  8:19  Queen, Hydralisk Den  
  84  8:24  Drone x5  
  84  8:25  Drone x3  
  90  8:34  Evolution Chamber  
  86  8:37  Overlord  
  86  8:38  Queen  
  88  8:41  Spore Crawler  
  88  8:42  Spore Crawler  
  86  8:51  Queen  
  86  8:55  Queen  
  88  8:56  Muscular Augments  
  88  8:57  Overlord  
  88  8:58  Overlord  
  88  8:59  Hydralisk x2  
  88  9:01  Hydralisk  
  93  9:03  Hydralisk  
  87  9:12  Zerg Missile Weapons Level 1  
  87  9:15  Drone  
  87  9:16  Extractor  
  89  9:19  Hydralisk  
  91  9:26  Queen, Overlord  
  91  9:28  Hydralisk x2  
  91  9:29  Hydralisk  
  91  9:30  Queen  
  101  9:33  Drone x3  
  101  9:34  Drone  
  101  9:36  Extractor  
  102  9:41  Drone x4  
  102  9:42  Overseer  
  102  9:43  Extractor  
  105  9:48  Hydralisk x4  
  111  10:02  Hydralisk  
  111  10:07  Hatchery  
  112  10:08  Grooved Spines  
  112  10:09  Overlord  
  112  10:10  Infestation Pit  
  111  10:14  Overlord  
  111  10:19  Hydralisk x4  
  119  10:29  Overlord  
  119  10:30  Overlord  
  119  10:35  Hydralisk x3, Spore Crawler  
  117  10:41  Drone x3  
  122  10:46  Drone x5  
  127  10:54  Infestation Pit  
  127  10:56  Drone x3  
  129  11:00  Drone x3  
  129  11:01  Extractor, Hydralisk x2  
  135  11:05  Extractor  
  135  11:09  Zerg Missile Weapons Level 2  
  135  11:10  Hydralisk x2  
  138  11:16  Drone x3  
  138  11:17  Drone  
  142  11:29  Infestor x3  
  142  11:38  Drone  
  142  11:39  Drone x2  
  145  11:43  Hydralisk x4  
  145  11:47  Hatchery  
  152  11:52  Overlord  
  151  11:58  Hydralisk x2  
  151  11:59  Roach x5  
  165  12:14  Overlord  
  164  12:16  Drone x3  
  164  12:21  Overlord  
  164  12:22  Hydralisk x2, Overlord x2  
  167  12:23  Roach x2  
  167  12:26  Overlord  
  167  12:28  Overlord  
  175  12:32  Hive  
  175  12:37  Spire  
  175  12:42  Spire  
  175  12:43  Drone x3  
  176  12:46  Drone  
  176  12:48  Hydralisk x2  
  180  12:51  Drone x2  
  180  12:52  Drone x2  
  180  12:57  Drone x2  
  185  13:03  Spore Crawler  
  185  13:04  Drone x2  
  186  13:12  Hydralisk x6  
  192  13:19  Extractor  
  197  13:21  Extractor  
  197  13:25  Drone, Zerg Ground Armor Level 1, Spore Crawler  
  197  13:26  Drone  
  190  13:46  Hydralisk x9  
  198  13:50  Zerg Flyer Weapons Level 1  
  198  13:57  Zerg Flyer Armor Level 1  
  198  13:59  Hatchery  
  197  14:04  Ultralisk Cavern  
  124  14:25  Corruptor x11  
  144  14:40  Corruptor x5  
  144  14:51  Corruptor x3  
  150  14:53  Roach  
  150  14:58  Corruptor  
  142  15:02  Hydralisk x2, Swarm Host  
  139  15:11  Corruptor x2  
  137  15:14  Hydralisk x2  
  141  15:22  Drone x8  
  141  15:25  Viper  
  152  15:29  Chitinous Plating  
  152  15:32  Spore Crawler  
  152  15:34  Viper  
  154  15:40  Zerg Melee Weapons Level 1  
  154  15:43  Drone  
  154  15:47  Overlord x2  
  155  15:54  Extractor  
  155  15:56  Extractor  
  145  15:57  Corruptor x3  
  145  16:02  Drone, Queen  
  154  16:15  Ultralisk x3  
  154  16:18  Drone x2  
  174  16:19  Spore Crawler  
  174  16:21  Drone  
  173  16:34  Corruptor x3  
  179  16:43  Overseer  
  179  16:47  Anabolic Synthesis  
  179  16:49  Corruptor x3  
  185  17:01  Hatchery  
  184  17:06  Corruptor x2  
  185  17:14  Viper  
  188  17:18  Ultralisk  
  194  17:27  Ultralisk  
  198  17:30  Extractor  
  198  17:32  Extractor  
Show
View Real Time Build Order
Export as new Build Order

goblin Protoss 

Build Orders: Carriers 

Get SALT Encoding   

  12  0:00  Probe  
  13  0:12  Probe  
  14  0:19  Pylon  
  14  0:24  Probe (Chrono Boost)  
  15  0:38  Probe (Chrono Boost)  
  15  0:39  Gateway  
  16  0:46  Probe (Chrono Boost)  
  16  0:47  Assimilator  
  17  0:52  Probe  
  18  1:04  Probe  
  19  1:21  Probe  
  19  1:25  Zealot (Chrono Boost)  
  20  1:26  Cybernetics Core  
  20  1:31  Pylon  
  22  1:39  Gateway  
  22  1:40  Probe  
  23  1:49  Zealot (Chrono Boost)  
  25  2:13  Adept (Chrono Boost)  
  27  2:20  Nexus  
  27  2:23  Warp Gate  
  27  2:24  Probe  
  26  2:33  Adept  
  28  2:38  Assimilator  
  28  2:44  Pylon  
  28  2:50  Stalker  
  30  2:54  Probe  
  31  3:06  Probe  
  34  3:18  Stargate, Probe  
  33  3:23  Adept  
  35  3:30  Probe (Chrono Boost)  
  35  3:32  Probe (Chrono Boost)  
  37  3:41  Probe x2 (Chrono Boost)  
  39  3:45  Probe (Chrono Boost)  
  39  3:46  Probe (Chrono Boost)  
  41  3:56  Probe  
  41  3:58  Probe  
  41  4:01  Phoenix  
  45  4:08  Pylon  
  45  4:09  Probe (Chrono Boost)  
  46  4:10  Probe (Chrono Boost)  
  46  4:15  Assimilator  
  47  4:18  Assimilator  
  47  4:23  Probe (Chrono Boost)  
  49  4:24  Protoss Air Weapons Level 1  
  49  4:26  Phoenix, Probe (Chrono Boost)  
  51  4:31  Probe (Chrono Boost)  
  51  4:33  Probe (Chrono Boost)  
  53  4:41  Probe  
  53  4:44  Stargate  
  54  4:47  Probe  
  54  4:52  Phoenix (Chrono Boost)  
  55  4:53  Probe  
  55  4:58  Pylon  
  59  5:00  Probe  
  59  5:05  Probe  
  60  5:12  Probe  
  60  5:13  Pylon  
  61  5:16  Phoenix (Chrono Boost)  
  61  5:17  Probe  
  64  5:24  Probe  
  64  5:25  Pylon  
  67  5:29  Probe  
  67  5:32  Phoenix (Chrono Boost)  
  67  5:34  Phoenix (Chrono Boost)  
  70  5:41  Shield Battery  
  70  5:52  Phoenix (Chrono Boost)  
  74  6:02  Phoenix (Chrono Boost)  
  74  6:03  Nexus  
  74  6:05  Pylon  
  74  6:08  Phoenix  
  74  6:10  Probe x2  
  78  6:24  Probe x2  
  82  6:26  Shield Battery  
  82  6:28  Pylon  
  82  6:32  Void Ray x2 (Chrono Boost)  
  88  6:44  Zealot x2  
  92  6:47  Shield Battery  
  92  6:49  Shield Battery  
  92  6:50  Shield Battery  
  92  6:52  Shield Battery  
  92  6:56  Shield Battery  
  92  6:57  Shield Battery  
  92  7:03  Void Ray (Chrono Boost)  
  92  7:08  Void Ray (Chrono Boost)  
  100  7:18  Shield Battery  
  100  7:28  Zealot x2  
  103  7:39  Void Ray (Chrono Boost)  
  103  7:44  Fleet Beacon  
  107  7:45  Void Ray (Chrono Boost)  
  111  7:54  Stalker x2  
  101  8:06  Void Ray (Chrono Boost)  
  95  8:20  Zealot  
  95  8:21  Zealot  
  95  8:22  Void Ray (Chrono Boost)  
  103  8:44  Pylon  
  103  8:45  Pylon  
  103  8:46  Pylon  
  103  8:56  Void Ray (Chrono Boost)  
  101  9:04  Pylon  
  101  9:07  Pylon  
  103  9:11  Phoenix (Chrono Boost)  
  103  9:14  Unknown  
  105  9:25  Nexus  
  105  9:27  Phoenix, Pylon  
  105  9:29  Pylon  
  107  9:32  Phoenix  
  109  9:46  Adept  
  109  9:48  Probe x2  
  109  9:49  Adept  
  109  9:51  Shield Battery  
  109  9:52  Phoenix  
  117  9:53  Shield Battery  
  117  9:57  Phoenix  
  119  10:04  Assimilator  
  119  10:16  Protoss Air Weapons Level 2  
  119  10:20  Carrier (Chrono Boost)  
  122  10:31  Zealot x2  
  132  10:39  Carrier (Chrono Boost)  
  132  10:48  Stargate  
  132  10:49  Assimilator  
  132  10:55  Probe (Chrono Boost)  
  132  10:56  Probe (Chrono Boost)  
  135  10:57  Twilight Council  
  135  10:59  Gateway  
  135  11:01  Gateway, Probe (Chrono Boost)  
  135  11:04  Forge  
  136  11:05  Probe (Chrono Boost)  
  136  11:08  Probe (Chrono Boost)  
  136  11:09  Probe (Chrono Boost)  
  136  11:10  Probe (Chrono Boost)  
  138  11:12  Robotics Facility  
  145  11:19  Probe  
  145  11:20  Carrier (Chrono Boost)  
  145  11:24  Pylon  
  146  11:27  Pylon  
  150  11:42  Carrier (Chrono Boost)  
  150  11:43  Photon Cannon  
  150  11:45  Pylon  
  150  11:52  Carrier (Chrono Boost)  
  156  12:04  Observer  
  151  12:20  Carrier (Chrono Boost)  
  157  12:25  Observer  
  157  12:27  Templar Archives  
  157  12:29  Charge (Chrono Boost)  
  158  12:33  Zealot  
  158  12:34  Zealot  
  162  12:40  Carrier (Chrono Boost)  
  164  12:54  Zealot  
  164  12:55  Zealot x3  
  167  13:00  Psionic Storm, Cybernetics Core  
  165  13:11  Observer  
  165  13:15  High Templar x2  
  165  13:16  Zealot  
  167  14:01  Nexus  
  167  14:09  Carrier  
  151  14:22  Phoenix x2  
  145  14:35  Nexus  
  125  15:05  Protoss Air Weapons Level 3 (Chrono Boost)  
  101  15:25  High Templar x2  
  101  15:26  Carrier (Chrono Boost)  
  105  15:31  High Templar  
  107  15:41  Pylon  
  107  15:59  Void Ray (Chrono Boost)  
  107  16:00  Carrier (Chrono Boost)  
  107  16:03  Pylon  
  111  16:04  Zealot x2  
  115  16:14  Zealot  
  115  16:15  Observer, Carrier (Chrono Boost)  
  123  16:30  Carrier (Chrono Boost)  
  127  16:33  Probe x2  
  127  16:37  Probe  
  127  16:39  High Templar  
  132  16:42  Assimilator  
  132  16:43  Assimilator, Void Ray  
  132  16:45  Zealot  
  138  17:08  Void Ray, Photon Cannon  
  138  17:09  Shield Battery  
  138  17:15  Pylon  
  124  17:52  Zealot x3  

Tags
 
Add a new tag
Caveats
  • Supply blocks, unpowered buildings, or Contaminate may cause inaccurate times.
  • Supply counts are checked every 10 seconds.